 Dungeon Crawl Stone Soup version 0.19.1 (webtiles) character file.

662 terep12 the Carver (level 7, -2/57 HPs)
             Began as a Minotaur Berserker on Dec 24, 2016.
             Was a Priest of Trog.
             Slain by a bullfrog (3 damage)
             ... on level 4 of the Dungeon.
             The game lasted 00:18:59 (3542 turns).

terep12 the Carver (Minotaur Berserker)             Turns: 3542, Time: 00:19:00

Health: -2/57      AC:  7    Str: 24    XL:     7   Next: 30%
Magic:  0/6        EV: 12    Int:  4    God:    Trog [***...]
Gold:   341        SH:  0    Dex: 12    Spells: 0 memorised, 6 levels left

rFire  . . .     SeeInvis .     a - +0 falchion
rCold  . . .     Gourm    .     x - +3 leather armour
rNeg   . . .     Faith    .     (no shield)
rPois  +         Spirit   +     (helmet restricted)
rElec  .         Reflect  .     g - +0 cloak
rCorr  .         Harm     .     (no gloves)
MR     .....                    (no boots)
Stlth  +.........               p - amulet of guardian spirit
                                v - ring of poison resistance
                                B - +3 ring of dexterity

@: exhausted, slowed, very slow
A: retaliatory headbutt, horns 2
a: Berserk, Trog's Hand, Burn Spellbooks, Renounce Religion


You were on level 4 of the Dungeon.
You worshipped Trog.
Trog was most pleased with you.
You were very hungry.

You visited 1 branch of the dungeon, and saw 4 of its levels.

You collected 341 gold pieces.

Inventory:

Hand Weapons
 a - a +0 falchion (weapon)
 u - a +0 long sword
Armour
 b - a +0 animal skin
 g - a +0 cloak (worn)
 w - a +0 ring mail
 x - a +3 leather armour (worn)
 D - a +0 scale mail
Jewellery
 p - an amulet of guardian spirit (around neck)
 r - an uncursed ring of protection from magic
 v - a ring of poison resistance (right hand)
 B - a +3 ring of dexterity (left hand)
Scrolls
 d - 6 scrolls of recharging
 e - a scroll of amnesia {unknown}
 h - 3 scrolls of remove curse
 i - a scroll of fog {unknown}
 k - 3 scrolls of identify {unknown}
 o - a scroll of fear {unknown}
 q - 2 scrolls of teleportation {unknown}
 y - a scroll of immolation {unknown}
 A - a scroll of random uselessness {unknown}
 C - a scroll of noise {unknown}
Potions
 j - a potion of agility {unknown}
 l - a potion of flight {unknown}
 m - a potion of brilliance {unknown}
 n - 3 potions of curing {unknown}
 s - a potion of heal wounds {unknown}
 E - a potion of berserk rage {unknown}
Comestibles
 c - 4 bread rations
 f - 3 beef jerkies
 t - a slice of pizza
 z - 6 chunks of flesh


   Skills:
 - Level 3.6 Fighting
 + Level 9.6 Long Blades
 + Level 3.5 Armour
 - Level 2.1 Dodging
 + Level 1.3 Stealth


You had 6 spell levels left.
You didn't know any spells.

Dungeon Overview and Level Annotations

Branches:
Dungeon (4/15)
 Temple: D:4-7

Altars:
Fedhas
Gozag
Kikubaaqudgha
Nemelex Xobeh
Okawaru
Trog
Uskayaw
Vehumet
The Shining One


Innate Abilities, Weirdness & Mutations

You reflexively headbutt those who attack you in melee.
You have a pair of horns on your head.


Message History

a hand axe; 4 tomahawks; a leather armour You feel a strong urge to attack something.
You see here a war axe.
You feel your anger subside.
You are no longer berserk.
Trog's vigour flows through your veins.
You are exhausted.
You feel yourself slow down.
There isn't anything to butcher here.
A bullfrog comes into view.
You see here a worker ant corpse.
You butcher the worker ant corpse.
You see here 3 chunks of flesh.
You see here 3 chunks of flesh.
z - 6 chunks of flesh (gained 3)
The bullfrog hits you.
* * * LOW HITPOINT WARNING * * *
The bullfrog hits you.
* * * LOW HITPOINT WARNING * * *
The bullfrog hits you.
You die...

#..........# #)### .#..<.....##
#.# .##......## ###)##########
.#..##...... ##.....##.....##
##......#### ##..............##
#......########................#
###............................#
.....## ####.^..............#
#########@.....>.........#
.........F................#
..########))..............#
oo..###..................##
#......####.....##.....##
###.......##############
#.......# #..a....# #.......#


You could see a bullfrog.

Vanquished Creatures
  Duvessa (D:4)
  An orc warrior (D:4)
  A bullfrog (D:4)
  Dowan (D:4)
  An orc priest (D:4)
  4 orc wizards
  A worker ant (D:4)
  4 gnolls (D:2)
  3 adders (D:2)
  An adder skeleton (D:4)
  4 worms
  2 dart slugs
  3 leopard geckos
  19 orcs
  3 giant cockroaches
  9 goblins
  7 hobgoblins
  6 jackals (D:2)
  A ball python (D:1)
  13 bats
  5 frilled lizards
  6 kobolds
  4 rats
100 creatures vanquished.

Notes
Turn   | Place    | Note
-------+----------+-------------------------------------------
     0 | D:1      | terep12 the Minotaur Berserker began the quest for the Orb.
     0 | D:1      | Reached XP level 1. HP: 19/19 MP: 0/0
   199 | D:1      | Reached skill level 4 in Long Blades
   264 | D:1      | Reached XP level 2. HP: 25/26 MP: 1/1
   819 | D:2      | Reached skill level 5 in Long Blades
   819 | D:2      | Reached XP level 3. HP: 31/31 MP: 2/2
   870 | D:2      | Found a hide-covered altar of Uskayaw.
   895 | D:2      | Reached ** piety under Trog
   902 | D:2      | Reached XP level 4. HP: 7/39 MP: 0/3
  1162 | D:2      | Reached skill level 6 in Long Blades
  1235 | D:2      | Found a blossoming altar of Fedhas.
  1240 | D:2      | Found a bloodstained altar of Trog.
  1633 | D:2      | Found a sparkling altar of Nemelex Xobeh.
  1633 | D:2      | Found a glowing golden altar of the Shining One.
  1647 | D:2      | Found a radiant altar of Vehumet.
  1650 | D:2      | Found an opulent altar of Gozag.
  2244 | D:3      | Reached XP level 5. HP: 45/45 MP: 4/4
  2309 | D:3      | Reached skill level 7 in Long Blades
  2434 | D:3      | Reached *** piety under Trog
  2899 | D:4      | Noticed an orc warrior
  2911 | D:4      | HP: 2/67 [orc warrior/mace (2)]
  2916 | D:4      | Killed an orc warrior
  2916 | D:4      | Reached skill level 8 in Long Blades
  2916 | D:4      | Reached XP level 6. HP: 3/51 MP: 0/5
  3145 | D:4      | Reached skill level 1 in Stealth
  3198 | D:4      | Found an iron altar of Okawaru.
  3256 | D:4      | Found an ancient bone altar of Kikubaaqudgha.
  3284 | D:4      | Noticed Duvessa
  3285 | D:4      | Noticed Dowan
  3305 | D:4      | Killed Duvessa
  3328 | D:4      | Reached skill level 9 in Long Blades
  3335 | D:4      | Killed Dowan
  3335 | D:4      | Reached XP level 7. HP: 55/57 MP: 3/6
  3541 | D:4      | HP: 1/57 [bullfrog (2)]
  3542 | D:4      | Slain by a bullfrog

Skill      XL: |  1  2  3  4  5  6  7 |
---------------+----------------------+-----
Long Blades    | 4 5 6 8 9 |  9.6
Stealth        | 1 |  1.3
Armour         | 3 |  3.5
Fighting       | |  3.6
Dodging        | |  2.1

Action                   |  1- 3 |  4- 6 |  7- 9 || total
-------------------------+-------+-------+-------++-------
Melee: Falchion          |    63 |   155 |    18 ||   236
       Headbutt          |    10 |    28 |     2 ||    40
Invok: Berserk           |     1 |     2 |     1 ||     4
  Use: Scroll            |     1 |     1 |       ||     2
 Stab: Distracted        |       |     1 |       ||     1
  Eat: Chunk             |       |    10 |     1 ||    11
Armor: Animal skin       |    14 |    10 |       ||    24
       Ring mail         |       |     3 |       ||     3
       Leather armour    |       |    22 |     4 ||    26
Dodge: Dodged            |    38 |    85 |     8 ||   131
       Rpst.: Falchion   |     9 |    21 |     3 ||    33
